 Dungeon Crawl Stone Soup version 0.28-a0-620-g539b0f7ac7 (webtiles) character file.

Game seed: 15762560463157084270

39 bande the Covered (level 3, -4/24 HPs)
             Began as a Gargoyle Fighter on Oct 7, 2021.
             Slain by Sigmund (7 damage)
             ... on level 2 of the Dungeon.
             The game lasted 00:03:09 (1753 turns).

bande the Covered (Gargoyle Fighter)                Turns: 1753, Time: 00:03:10

Health: -4/24      AC: 10    Str: 20    XL:     3   Next: 45%
Magic:  3/3        EV:  9    Int:  8    God:
Gold:   57         SH:  4    Dex:  9    Spells: 2/2 levels left

rFire   . . .      SeeInvis .   a - +0 war axe
rCold   . . .      Faith    .   c - +0 buckler
rNeg    + . .      Spirit   .   b - +0 scale mail
rPois   ∞          Reflect  .   (no helmet)
rElec   +          Harm     .   (no cloak)
rCorr   .          Rampage  .   (no gloves)
Will    .....                   (no boots)
Stlth   ..........              (no amulet)
HPRegen 0.08/turn               (no ring)
MPRegen 0.08/turn               (no ring)

@: mighty
A: sickness immunity, AC +3, negative energy resistance 1, electricity
resistance, torment resistance 1, petrification resistance
a: no special abilities


You were on level 2 of the Dungeon.
You visited 1 branch of the dungeon, and saw 2 of its levels.

You collected 83 gold pieces.
You spent 26 gold pieces at shops.

Inventory:

Hand Weapons
 a - a +0 war axe (weapon)
Armour
 b - a +0 scale mail (worn)
 c - a +0 buckler (worn)
Potions
 e - a potion of berserk rage {unknown}
 f - a potion of curing {unknown}
 g - a potion of haste {unknown}


   Skills:
 + Level 3.6 Fighting
 + Level 2.2 Axes
 + Level 4.0 Armour
 + Level 3.5 Shields


You had 2 spell levels left.
You didn't know any spells.
Your spell library was empty.

Dungeon Overview and Level Annotations

Branches:
Dungeon (2/15)

Altars:

Shops:
D:2 ([!=(

Annotations:
D:2 1 runed translucent door, Crazy Yiuf, Sigmund


Innate Abilities, Weirdness & Mutations

You are immune to sickness and miasma.
Your stone body is resilient. (AC +3)
You are immune to poison.
You resist negative energy. (rN+)
You are resistant to electric shocks. (rElec)
You are resistant to unholy torment.
You are immune to petrification.


Message History

Sigmund flickers and vanishes!
Deactivating autopickup; reactivate with Ctrl-A.
You block the rat's attack.
You hit the rat.
You kill the rat!
Something hits you but does no damage.
Your Armour skill increases to level 4!
No target in view!
No target in view!
No target in view!
No target in view!
No target in view!
No target in view!
No target in view!
No target in view!
You feel very mighty all of a sudden. Something hits you but does no damage.
Something hits you.
You miss something. Something hits you but does no damage.
You closely miss something. You block something's attack.
You slash something!
A hobgoblin comes into view.
Something hits you.
You miss something. You completely miss something.
Something hits you but does no damage. You block the hobgoblin's attack.
You closely miss something.
Your scale mail prevents you from hitting the hobgoblin.
Something hits you. The hobgoblin hits you.
You barely miss something. You hit the hobgoblin.
You kill the hobgoblin!
Something hits you.
* * * LOW HITPOINT WARNING * * *
You miss something. Something hits you but does no damage.
You miss something. Something hits you but does no damage.
Unknown command.
You miss something. Something hits you.
* * * LOW HITPOINT WARNING * * *
You miss something. Something hits you!
You die...

#####.# #.#
######.## #.#
.......... #.#
##......#. #.#
#.######. #.# ## #.
#. #.# .# #. #.# .#
.######. #.#
########.##.#
...)....
#.####.....†@{...#
..#####.
#.#.......###.......
#.
#.#.......######..##
#.
#.#.......[.........
#.
#..........#####..##
#. #........∩#####
.. #................
## ##...∩!...######.
#.###.####


There were no monsters in sight!

Vanquished Creatures
  An adder (D:2)
  A dart slug (D:2)
  An endoplasm (D:2)
  3 giant cockroaches (D:1)
  3 goblins
  2 hobgoblins
  3 kobolds (D:1)
  5 ball pythons (D:1)
  5 bats (D:1)
  3 frilled lizards (D:1)
  A rat (D:2)
28 creatures vanquished.

Notes
Turn   | Place    | Note
-------+----------+-------------------------------------------
     0 | D:1      | bande the Gargoyle Fighter began the quest for the Orb.
     0 | D:1      | Reached XP level 1. HP: 14/14 MP: 1/1
   177 | D:1      | Reached XP level 2. HP: 16/19 MP: 2/2
   309 | D:1      | Found a faded altar of an unknown god.
  1384 | D:2      | Reached XP level 3. HP: 23/23 MP: 3/3
  1549 | D:2      | Found a runed translucent door.
  1550 | D:2      | Noticed Crazy Yiuf
  1676 | D:2      | Found Ditsepa's Jewellery Shop.
  1680 | D:2      | Found Foapp's Armour Boutique.
  1690 | D:2      | Found Ezippulu's Antique Weapon Boutique.
  1718 | D:2      | Found Ifaniu Piypt's Distillery.
  1721 | D:2      | Found Bustrire's Weapon Shop.
  1725 | D:2      | Bought 2 potions of degeneration for 26 gold pieces
  1735 | D:2      | Noticed Sigmund
  1740 | D:2      | Reached skill level 4 in Armour
  1753 | D:2      | Slain by Sigmund

Illustrated notes

Levels and vault maps discovered:
D:1:      wheals_arrival_linesprint, layout_basic,
          hellmonk_ecumenical_altar_blasted
D:2:      layout_loops_ring, serial_shops, shop, shop, shop, nicolae_shop_trees,
          shop_fountains, hangedman_decor_points, uniq_sigmund,
          uniq_crazy_yiuf_cottage

Skill      XL: |  1  2  3 |
---------------+----------+-----
Axes           | 2 |  2.2
Armour         | 4 |  4.0
Fighting       | |  3.6
Shields        | |  3.5

Action                   || total
-------------------------++-------
Melee: War axe           ||    85
  Use: Scroll            ||     1
       Potion            ||     1
Armor: Scale mail        ||    69
Dodge: Dodged            ||    44
Block: Buckler           ||    17

Table legend: (Time is in decaauts)
 A = Elapsed time spent in this place.
 B = Non-inter-level travel time spent in this place.
 C = Inter-level travel time spent in this place.
 D = Time resting spent in this place.
 E = Time spent auto-exploring this place.
 F = Levels seen in this place.
 G = Mean time per level.
                   A        B        C        D        E       F      G
               +--------+--------+--------+--------+--------+-----+--------+
         Total |   1787 |   1727 |     60 |    100 |   1409 |   2 |  893.5 |
       Dungeon |   1787 |   1727 |     60 |    100 |   1409 |   2 |  893.5 |
               +--------+--------+--------+--------+--------+-----+--------+

Top non-repeatable levels by time:
     D:1: 1320 daAuts
     D:2: 467 daAuts
